 Dungeon Crawl Stone Soup version 0.27.1 (webtiles) character file.

Game seed: 17075294459311130897

60879 Rrauwl the Impaler (level 15, -1/105 HPs)
             Began as a Formicid Fighter on Aug 23, 2021.
             Was a High Priest of Elyvilon.
             Killed from afar by a shock serpent (15 damage)
             ... with a bolt of electricity
             ... on level 2 of the Snake Pit.
             The game lasted 01:51:09 (19748 turns).

Rrauwl the Impaler (Formicid Fighter)              Turns: 19748, Time: 01:51:09

Health: -1/105     AC: 29    Str: 31    XL:     15   Next: 39%
Magic:  13/19      EV: 10    Int:  7    God:    Elyvilon [*****.]
Gold:   1477       SH: 12    Dex: 11    Spells: 14/14 levels left

rFire    . . .     SeeInvis +   w - +1 halberd (freeze)
rCold    . . .     Faith    .   c - +0 kite shield
rNeg     . . .     Spirit   .   p - +3 chain mail {Will+}
rPois    .         Reflect  .   (helmet unavailable)
rElec    .         Harm     .   P - +0 cloak
rCorr    .         Rampage  .   K - +2 pair of gloves {Stlth+}
Will     ++...                  t - +2 pair of boots
Stlth    ..........             h - amulet of regeneration
HPRegen  1.27/turn              M - +4 ring of protection
MPRegen  0.16/turn              v - +6 ring of strength

@: no status effects
A: permanent stasis, dig shafts and tunnels, antennae 3, four strong arms, dopey
1, screaming 1
a: Dig, Shaft Self, Renounce Religion, Lesser Healing, Heal Other, Purification,
Greater Healing, Divine Vigour, Divine Protection


You were on level 2 of the Snake Pit.
You worshipped Elyvilon.
Elyvilon was extremely pleased with you.
You visited 5 branches of the dungeon, and saw 19 of its levels.
You also visited: Sewer and Volcano.

You collected 2910 gold pieces.
You spent 1433 gold pieces at shops.

Inventory:

Hand Weapons
 g - a +6 scythe of freezing
 l - a +2 trident of venom
 w - a +1 halberd of freezing (weapon)
Missiles
 k - 35 poisoned darts
 D - 2 curare-tipped darts
Armour
 c - a +0 kite shield (worn)
 p - a +3 chain mail of willpower (worn)
 t - a +2 pair of boots (worn)
 K - a +2 pair of gloves of stealth (worn)
 P - a +0 cloak (worn)
Jewellery
 h - an amulet of regeneration (around neck)
 j - a ring of protection from cold
 v - a +6 ring of strength (right hand)
 I - a ring of protection from cold
 M - a +4 ring of protection (left hand)
Wands
 y - a wand of iceblast (3)
 z - a wand of flame (16)
 G - a wand of paralysis (8)
Scrolls
 a - a scroll of holy word
 b - a scroll of silence
 f - 3 scrolls of enchant armour
 i - 5 scrolls of fog
 r - 12 scrolls of identify
Potions
 d - 7 potions of curing
 n - 2 potions of lignification
 F - 2 potions of ambrosia
 L - a potion of cancellation
Miscellaneous
 o - a piece from Xom's chessboard (15/15)


   Skills:
 - Level 6.0 Fighting
 + Level 19.3 Polearms
 - Level 15.0 Armour
 - Level 2.0 Dodging
 - Level 3.0 Stealth
 - Level 9.0 Shields
 - Level 6.0 Invocations
 - Level 5.0 Evocations


You had 14 spell levels left.
You didn't know any spells.
Your spell library contained the following spells:

 Spells                   Type           Power      Damage    Failure   Level
 Corona                   Hex            0%         N/A       82%         1
 Ensorcelled Hibernation  Hex/Ice        0%         N/A       91%         2
 Static Discharge         Conj/Air       0%         N/A       91%         2
 Spider Form              Tmut/Pois      0%         N/A       99%         3
 Tukima's Dance           Hex            0%         N/A       99%         3
 Dispel Undead            Necr           0%         3d6       100%        4
 Sticky Flame             Conj/Fire      0%         2d3       100%        4
 Shadow Creatures         Summ           N/A        N/A       100%        6


Dungeon Overview and Level Annotations

Branches:
Dungeon (12/15)            Temple (1/1) D:7            Lair (2/6) D:9
 Shoals (0/4) Lair:2        Snake (2/4) Lair:2          Orc (2/2) D:12
    Elf (0/3) Orc:2         Sewer (visited)         Volcano (visited)

Altars:
Ashenzari
Cheibriados
Dithmenos
Elyvilon
Fedhas
Gozag
Hepliaklqana
Kikubaaqudgha
Makhleb
Nemelex Xobeh
Okawaru
Qazlal
Ru
Sif Muna
Trog
Uskayaw
Vehumet
Wu Jian
Xom
Yredelemnul
Zin
The Shining One
Beogh

Shops:
D:5 !:**(   D:8 [   D:11 (   Orc:2 :([*   Snake:1 ?

Portals:
Abyss: D:8
Trove: D:10 (give +6 demon blade)

Annotations:
D:8 2 transporters, MirrMurr's ghost, novice GrHu


Innate Abilities, Weirdness & Mutations

You cannot be hasted, slowed, berserked, paralysed or teleported.
You can dig through walls and to a lower floor.
You have a pair of large antennae on your head. (SInv)
Your four strong arms can wield two-handed weapons with a shield.
You are dopey. (Int -2)
You occasionally shout uncontrollably at your foes.


Message History

You hit the shock serpent but do no damage.
The shock serpent is severely wounded.
The shock serpent is no longer moving slowly.
You block the shock serpent's attack.
You barely miss the shock serpent.
The shock serpent is severely wounded.
The shock serpent shoots out a bolt of lightning at you!
The bolt of electricity hits you!! The bolt of electricity hits you!
You are too injured to fight recklessly!
You are too injured to fight recklessly!
You miss the shock serpent.
The shock serpent is severely wounded.
You block the shock serpent's attack.
You closely miss the shock serpent.
The shock serpent is severely wounded.
The shock serpent bites you. The shock serpent shocks you!
You miss the shock serpent.
The shock serpent is severely wounded.
The shock serpent shoots out a bolt of lightning at you!
The bolt of electricity hits you!!
* * * LOW HITPOINT WARNING * * *
The bolt of electricity hits you!
* * * LOW HITPOINT WARNING * * *
You are healed.
The shock serpent bites you!
* * * LOW HITPOINT WARNING * * *
The shock serpent shocks you!
* * * LOW HITPOINT WARNING * * *
The shock serpent bites you but does no damage.
You are healed.
The shock serpent shoots out a bolt of lightning at you!
The bolt of electricity hits you!
* * * LOW HITPOINT WARNING * * *
The bolt of electricity hits you!
* * * LOW HITPOINT WARNING * * *
You are healed.
The shock serpent shoots out a bolt of lightning at you!
The bolt of electricity hits you!
* * * LOW HITPOINT WARNING * * *
The bolt of electricity hits you!
You die...

#.##.# ######.##.#
#.........##
#.)........###
#....<.......####
#........#.#....#
#........#.####..# {
#........S.......#
#.......@#{#####...
#........#{#........
######...#.....N..
.. ###.#........ $
#..........
...........
..#.........
..##......... .##
........N.


You could see a shock serpent.

Vanquished Creatures
  Saint Roka (Orc:2)
  Frances (D:12)
  A fire giant (D:11)
  An orc warlord (Orc:1)
  2 ettins (D:11)
  2 hydras (Lair:1)
  A naga warrior (Snake:1)
  A centaur warrior (D:11)
  A dancing weapon (Volcano)
  3 two-headed ogres
  4 anacondas (Snake:1)
  A naga sharpshooter (Snake:1)
  2 orc high priests (Orc:2)
  A shock serpent (Snake:2)
  2 sea snakes (Snake:1)
  A naga ritualist (Snake:1)
  5 wizards (Volcano)
  8 orc knights
  A manticore (D:12)
  An ugly thing (D:12)
  5 orc sorcerers
  3 cyclopes
  5 mana vipers (Snake:1)
  A salamander (Snake:1)
  5 centaur zombies
  3 black mambas (Snake:1)
  A naga mage (Snake:1)
  5 toenail golems (Volcano)
  Maurice (Orc:2)
  Maggie (D:7)
  3 cane toads
  3 komodo dragons
  A kobold demonologist (D:12)
  6 trolls
  A hornet (D:9)
  A slime creature (D:11)
  A dream sheep (Lair:2)
  Sigmund (D:2)
  A spriggan (Lair:2)
  33 yaks
  5 wyverns
  3 wraiths
  3 steam dragons
  2 basilisks (Lair:2)
  Grum (Lair:1)
  5 wargs
  11 nagas
  2 acid dragons
  7 water moccasins
  Duvessa (D:6)
  An ice beast (D:8)
  36 orc warriors
  2 black bears
  3 sky beasts
  A necrophage (D:6)
  17 wolves
  8 ogres
  8 centaurs
  A phantom (D:5)
  4 kobold brigands
  2 gnoll sergeants
  7 bullfrogs
  A water moccasin zombie (D:6)
  2 scorpions
  A wyvern zombie (D:8)
  Dowan (D:6)
  3 killer bees (D:11)
  A howler monkey (D:10)
  9 wights
  2 electric eels (D:8)
  3 hounds
  A jelly (D:5)
  32 orc priests
  5 iguanas
  30 orc wizards
  A scorpion zombie (D:5)
  2 human simulacra (D:9)
  A hound skeleton (D:4)
  2 howler monkey zombies
  A howler monkey skeleton (D:7)
  4 gnolls (D:9)
  A river rat (Sewer)
  11 adders
  3 white imps
  An adder skeleton (D:4)
  6 worms
  A dart slug (D:2)
  70 orcs
  7 bats
  7 endoplasms
  2 giant cockroaches
  3 goblins
  11 hobgoblins
  9 jackals
  19 kobolds
  8 ball pythons
  4 frilled lizards
  6 rats
522 creatures vanquished.

Vanquished Creatures (others)
  A kobold brigand (D:7)
  An orc wizard (D:8)
  A kobold (D:7)
  3 fungi (D:9)
  33 plants
39 creatures vanquished.

Grand Total: 561 creatures vanquished

Notes
Turn   | Place    | Note
-------+----------+-------------------------------------------
     0 | D:1      | Rrauwl the Formicid Fighter began the quest for the Orb.
     0 | D:1      | Reached XP level 1. HP: 18/18 MP: 1/1
   238 | D:1      | Reached XP level 2. HP: 24/24 MP: 2/2
   273 | D:1      | Found a faded altar of an unknown god.
   297 | D:1      | Became a worshipper of Elyvilon the Healer
   297 | D:1      | Reached * piety under Elyvilon
   601 | D:2      | Reached XP level 3. HP: 19/29 MP: 3/3
   709 | D:2      | Reached skill level 1 in Stealth
   795 | D:2      | Reached skill level 1 in Dodging
   795 | D:2      | Reached XP level 4. HP: 9/35 MP: 4/4
  1076 | D:2      | Reached ** piety under Elyvilon
  1534 | D:2      | Reached skill level 1 in Invocations
  1668 | D:2      | Noticed Sigmund
  1670 | D:2      | Killed Sigmund
  1671 | D:2      | Reached skill level 1 in Evocations
  1671 | D:2      | Reached XP level 5. HP: 42/42 MP: 4/6
  1671 | D:2      | Reached XP level 6. HP: 48/48 MP: 4/7
  1951 | D:3      | Found a glowing drain.
  1965 | Sewer    | Entered a sewer
  2205 | Sewer    | Reached skill level 3 in Polearms
  2272 | Sewer    | Reached skill level 5 in Shields
  2585 | Sewer    | Reached XP level 7. HP: 32/54 MP: 8/8
  3140 | D:3      | Reached *** piety under Elyvilon
  4171 | D:4      | Reached skill level 4 in Polearms
  4234 | D:4      | Reached skill level 5 in Armour
  4359 | D:4      | Reached XP level 8. HP: 54/60 MP: 9/9
  4490 | D:4      | Reached **** piety under Elyvilon
  4721 | D:4      | Noticed a wyvern
  4725 | D:4      | Killed a wyvern
  4888 | D:4      | Reached skill level 5 in Polearms
  5005 | D:5      | Entered Level 5 of the Dungeon
  5006 | D:5      | Found Gilooni's Book Shoppe.
  5046 | D:5      | Found Fodwabocwo's Distillery.
  5051 | D:5      | Bought a potion of degeneration for 13 gold pieces
  5253 | D:5      | Found Dattec's Assorted Antiques.
  5258 | D:5      | Bought a lumpy pink potion for 25 gold pieces
  5258 | D:5      | Bought a smoky sapphire potion for 25 gold pieces
  5275 | D:5      | Found Nack's Assorted Antiques.
  5283 | D:5      | Bought a scroll labelled GOSAJI YDESHA for 20 gold pieces
  5283 | D:5      | Bought a murky red potion for 18 gold pieces
  5283 | D:5      | Gained mutation: Your mind is acute. (Int +2) [potion of
                  | mutation]
  5299 | D:5      | Found Sin Toaf's Weapon Shoppe.
  5502 | D:5      | Reached skill level 6 in Polearms
  5636 | D:6      | Reached XP level 9. HP: 60/65 MP: 10/10
  5762 | D:6      | Reached skill level 7 in Polearms
  5868 | D:6      | Noticed Duvessa
  5868 | D:6      | Noticed Dowan
  6062 | D:6      | Killed Duvessa
  6063 | D:6      | Reached skill level 8 in Polearms
  6072 | D:6      | Killed Dowan
  6104 | D:6      | Reached skill level 9 in Polearms
  6596 | D:7      | Noticed Maggie
  6624 | D:7      | Killed Maggie
  6625 | D:7      | Reached skill level 10 in Polearms
  6625 | D:7      | Reached XP level 10. HP: 41/71 MP: 11/11
  7017 | D:7      | Found a staircase to the Ecumenical Temple.
  7027 | Temple   | Entered the Ecumenical Temple
  7335 | D:8      | Lost mutation: Your mind is acute. (Int +2) [potion of
                  | mutation]
  7335 | D:8      | Gained mutation: A frigid envelope surrounds you and
                  | freezes all who hurt you. [potion of mutation]
  7335 | D:8      | Gained mutation: You are dopey. (Int -2) [potion of
                  | mutation]
  7335 | D:8      | Gained mutation: You expend magic power (3 MP) to
                  | strengthen your wands. [potion of mutation]
  7335 | D:8      | Gained mutation: Your flesh is heat resistant. (rF+)
                  | [potion of mutation]
  7432 | D:8      | Reached skill level 11 in Polearms
  7633 | D:8      | Reached ***** piety under Elyvilon
  7730 | D:8      | Found a transporter.
  7756 | D:8      | Found a transporter.
  7779 | D:8      | Found Ostorph's Armour Emporium.
  7877 | D:8      | Found a one-way gate to the infinite horrors of the Abyss.
  7877 | D:8      | Noticed MirrMurr's ghost (novice GrHu)
  8083 | D:8      | Reached skill level 12 in Polearms
  8689 | D:9      | Reached XP level 11. HP: 54/77 MP: 12/12
  8716 | D:9      | Found a staircase to the Lair.
  8796 | D:9      | Reached skill level 13 in Polearms
  8815 | D:9      | Noticed a two-headed ogre
  8825 | D:9      | Killed a two-headed ogre
  8942 | D:9      | Found a shadowy altar of Dithmenos.
  9271 | D:9      | Reached skill level 14 in Polearms
  9280 | D:9      | Noticed a two-headed ogre
  9292 | D:9      | Killed a two-headed ogre
  9592 | D:10     | Entered Level 10 of the Dungeon
  9764 | D:10     | Found a portal to a secret trove of treasure.
 10071 | D:10     | Reached XP level 12. HP: 84/84 MP: 12/14
 10471 | Lair:1   | Entered Level 1 of the Lair of Beasts
 10602 | Lair:1   | Reached ****** piety under Elyvilon
 10648 | Lair:1   | Noticed Grum
 10660 | Lair:1   | Reached skill level 5 in Fighting
 10674 | Lair:1   | Killed Grum
 10737 | Lair:1   | Noticed a six-headed hydra
 10792 | Lair:1   | Found a dark tunnel.
 10802 | Volcano  | Entered a volcano
 10819 | Volcano  | Reached skill level 15 in Polearms
 11036 | Volcano  | Noticed a +2 mace of flaming
 11056 | Volcano  | Killed a +2 mace of flaming
 11317 | Volcano  | Reached skill level 16 in Polearms
 11460 | Volcano  | Lost mutation: Your flesh is heat resistant. (rF+) [potion
                  | of mutation]
 11460 | Volcano  | Lost mutation: You expend magic power (3 MP) to strengthen
                  | your wands. [potion of mutation]
 11460 | Volcano  | Lost mutation: A frigid envelope surrounds you and freezes
                  | all who hurt you. [potion of mutation]
 11475 | Lair:1   | Killed a six-headed hydra
 11733 | Lair:1   | You fall into a shaft and drop 1 floor!
 11784 | Lair:1   | Noticed an eight-headed hydra
 11808 | Lair:1   | HP: 3/88 [eight-headed hydra (7)]
 11816 | Lair:1   | Killed an eight-headed hydra
 12531 | Lair:2   | Reached XP level 13. HP: 72/93 MP: 15/15
 12786 | Lair:2   | Found a staircase to the Shoals.
 13384 | Lair:2   | Found a staircase to the Snake Pit.
 13722 | D:11     | Found a shadowy altar of Dithmenos.
 13822 | D:11     | Identified a scroll of acquirement
 13822 | D:11     | Acquired 978 gold pieces
 13965 | D:5      | Bought a manual of Armour for 800 gold pieces
 14379 | D:11     | Found Pygy Xul's Antique Weapon Emporium.
 14679 | D:11     | Noticed a fire giant
 14679 | D:11     | Noticed an ettin
 14679 | D:11     | Noticed a centaur warrior
 14696 | D:11     | Killed a fire giant
 14697 | D:11     | Reached skill level 17 in Polearms
 14697 | D:11     | Reached skill level 10 in Armour
 14700 | D:11     | Killed a centaur warrior
 14701 | D:11     | Noticed an ettin
 14708 | D:11     | Killed an ettin
 14715 | D:11     | Killed an ettin
 15022 | D:12     | Noticed Frances
 15036 | D:12     | Gained mutation: You occasionally shout uncontrollably at
                  | your foes. [a neqoxec]
 15073 | D:12     | Killed Frances
 15342 | D:12     | Reached XP level 14. HP: 100/100 MP: 17/17
 15372 | D:12     | Found a staircase to the Orcish Mines.
 15873 | Orc:1    | Entered Level 1 of the Orcish Mines
 15924 | Orc:1    | Noticed an orc warlord
 15981 | Orc:1    | Killed an orc warlord
 16417 | Orc:2    | Entered Level 2 of the Orcish Mines
 16417 | Orc:2    | Found a staircase to the Elven Halls.
 16543 | Orc:2    | Noticed Maurice
 16561 | Orc:2    | Killed Maurice
 16850 | Orc:2    | Reached skill level 18 in Polearms
 17086 | Orc:2    | Noticed Saint Roka
 17213 | Orc:2    | Killed Saint Roka
 17214 | Orc:2    | Reached skill level 15 in Armour
 17463 | Orc:2    | Found Ycven's General Store.
 17497 | Orc:2    | Found Meogrebe's Antique Armour Shop.
 17731 | Orc:2    | Found Nacept's Book Shop.
 17759 | Orc:2    | Found Popt's Antique Weapon Shop.
 17804 | Orc:2    | Bought an embroidered scarf for 216 gold pieces
 17804 | Orc:2    | Bought a pair of runed boots for 202 gold pieces
 18392 | Snake:1  | Entered Level 1 of the Snake Pit
 18414 | Snake:1  | Found an ancient bone altar of Kikubaaqudgha.
 18431 | Snake:1  | Found Iliporha's Magic Scroll Emporium.
 18468 | Snake:1  | Bought a scroll of silence for 90 gold pieces
 18468 | Snake:1  | Bought a scroll of fog for 24 gold pieces
 18502 | Snake:1  | Reached skill level 5 in Invocations
 18502 | Snake:1  | Reached XP level 15. HP: 87/105 MP: 18/18
 18590 | Snake:1  | Reached skill level 5 in Evocations
 19167 | Snake:1  | Reached skill level 19 in Polearms
 19745 | Snake:2  | HP: 3/105 [shock serpent/bolt of electricity (13)]
 19748 | Snake:2  | Killed from afar by a shock serpent

Illustrated notes

Levels and vault maps discovered:
D:1:      erik_arrival_triangle_medium, layout_rooms, serial_glass,
          glass_columns_a, glass_columns_c,
          shapermc_ecumenical_altar_mp_ritualfount, serial_park_tiny_1,
          minmay_misc_feat_pillars
D:2:      layout_loops_corners, uniq_sigmund
D:3:      layout_basic, portal_sewer_entry_b
D:4:      layout_loops_cross, chequers_arboretum, kennysheep_generic_room_7
D:5:      layout_basic, serial_shops, shop, nicolae_shop_stone, shop,
          nicolae_shop_overgrown_old_shop, nicolae_diamond_shop, minmay_holes,
          minmay_misc_feat_hallway
D:6:      layout_rooms, uniq_duvessa
D:7:      layout_rooms, lemuel_temple_firewalk_b, minmay_misc_feat_square,
          dk_noncrumbling_2, kennysheep_generic_room_13, uniq_maggie
D:8:      layout_loops_corners, gammafunk_ghost_abyssal_escape,
          serial_bayou_pond_d, hangedman_decor_riveting, minmay_crystal_water,
          kennysheep_windowed_goal
D:9:      layout_basic, old_standard_altar, minmay_lair_entry_grove,
          st_stairs_4, bh_circular_ruins
D:10:     layout_loops_ring, nicolae_trove_entry_isolated,
          kennysheep_generic_room_15
D:11:     minmay_glassy_protrusions, layout_loops_ring,
          nicolae_inconvenience_store, grunt_ministairs_8,
          nicolae_dithmenos_the_darkroom
D:12:     layout_cave_pods, david_orc_3, uniq_frances
Temple:   nicolae_temple_the_god_donut
Lair:1:   layout_regular_city, enter_volcano_2, uniq_grum
Lair:2:   layout_cellular_growth, elwin_shoals_entry_rocks,
          minmay_snake_entry_guardpost_small, grunt_forest_large_clearing_hut,
          grunt_megastairs_5
Snake:1:  layout_concentric_octagons, basic_altar,
          hangedman_snake_thin_pillar_pass, grunt_megastairs_2,
          serial_bayou_shore_a, minmay_shop_star
Snake:2:  layout_rooms, minmay_shop_grove
Orc:1:    layout_caves
Orc:2:    grunt_orc_cross, layout_caves, minmay_orc_temple_c, uniq_maurice

Skill      XL: |  1  2  3  4  5  6  7  8  9 10 11 12 13 14 15 |
---------------+----------------------------------------------+-----
Stealth        | 1 2 3 |  3.0
Dodging        | 1 2 |  2.0
Shields        | 4 5 6 8 9 |  9.0
Invocations    | 1 2 3 4 5 6 |  6.0
Armour         | 4 5 6 12 15 | 15.0
Evocations     | 1 2 3 4 5 |  5.0
Fighting       | 4 6 |  6.0
Polearms       | 3 4 6 10 12 14 16 17 18 19 | 19.3

Action                   |  1- 3 |  4- 6 |  7- 9 | 10-12 | 13-15 || total
-------------------------+-------+-------+-------+-------+-------++-------
Melee: Trident           |    59 |   176 |   444 |   515 |       ||  1194
       Scythe            |       |       |       |    54 |       ||    54
       Halberd           |       |       |       |    28 |  1138 ||  1166
Throw: Dart              |       |       |     7 |    28 |       ||    35
       Boomerang         |       |       |       |     6 |       ||     6
Invok: Greater Healing   |       |       |     2 |     3 |    23 ||    28
 Abil: Dig               |     1 |       |     5 |     1 |     9 ||    16
Evoke: Wand              |       |     3 |     2 |     2 |    17 ||    24
       Piece from Xom's  |       |       |       |       |     1 ||     1
  Use: Scroll            |     3 |     2 |     8 |     3 |     6 ||    22
       Potion            |     1 |     3 |    10 |     7 |     3 ||    24
 Stab: Sleeping          |       |       |     2 |     5 |       ||     7
Armor: Scale mail        |    23 |    57 |    31 |       |       ||   111
       Troll leather arm |       |       |    36 |    18 |       ||    54
       Plate armour      |       |       |       |    33 |   206 ||   239
       Robe              |       |       |       |     5 |       ||     5
       Chain mail        |       |       |       |       |    47 ||    47
Dodge: Dodged            |    15 |    45 |   127 |   125 |   180 ||   492
Block: Kite shield       |    21 |    72 |   183 |   185 |   417 ||   878
